 Dungeon Crawl Stone Soup version 0.21.1-1-g345015f (webtiles) character file.

21 Iko the Chiller (level 2, -29/20 HPs)
             Began as a Ghoul Ice Elementalist on Apr 30, 2018.
             Killed from afar by a kobold (30 damage)
             ... with an exploding inner flame
             ... hexed by the player character
             ... on level 2 of the Dungeon.
             The game lasted 00:05:05 (607 turns).

Iko the Chiller (Ghoul Ice Elementalist)             Turns: 607, Time: 00:05:06

Health: -29/20     AC:  3    Str: 11    XL:     2   Next: 83%
Magic:  2/3        EV: 11    Int: 10    God:
Gold:   51         SH:  0    Dex:  9    Spells: 3/4 levels left

rFire    . . .     SeeInvis .   f - +0 short sword
rCold    + . .     Gourm    .   (no shield)
rNeg     + + +     Faith    .   e - +0 leather armour
rPois    ∞         Spirit   .   (no helmet)
rElec    .         Reflect  .   (no cloak)
rCorr    .         Harm     .   (no gloves)
MR       .....                  (no boots)
Stlth    ++........             (no amulet)
HPRegen  0.00/turn              (no ring)
MPRegen  0.08/turn              (no ring)

@: rotting
A: rotting body, claws 1, carnivore, cold resistance 1, negative energy
resistance 3, inhibited regeneration, torment resistance, unbreathing
a: no special abilities


You were on level 2 of the Dungeon.
You were not hungry.

You visited 1 branch of the dungeon, and saw 2 of its levels.

You collected 51 gold pieces.

Inventory:

Hand Weapons
 f - a +0 short sword (weapon)
Armour
 e - a +0 leather armour (worn)
Scrolls
 d - a scroll of immolation
 g - 3 scrolls of identify {unknown}
 h - 2 scrolls of teleportation {unknown}
Potions
 i - a potion of lignification {unknown}
Books
 b - a book of Frost

   Spells                             Type                      Level
   a - Freeze                         Ice                          1
   b - Throw Frost                    Conjuration/Ice              2
   c - Ozocubu's Armour               Charms/Ice                   3
   d - Throw Icicle                   Conjuration/Ice              4
   e - Summon Ice Beast               Ice/Summoning                4
Comestibles
 c - 2 rations


   Skills:
 + Level 0.2 Short Blades
 + Level 0.1 Armour
 + Level 2.0 Dodging
 + Level 2.3 Stealth
 + Level 0.2 Unarmed Combat
 + Level 1.8 Spellcasting
   Level 0.7 Conjurations
 + Level 3.9 Ice Magic


You had 3 spell levels left.
You knew the following spells:

 Your Spells              Type           Power        Failure   Level  Hunger
a - Freeze                Ice            #...         9%          1    ##.....


Dungeon Overview and Level Annotations

Branches:
Dungeon (2/15)

Altars:


Innate Abilities, Weirdness & Mutations

Your body is rotting away.
You thrive on raw meat.
You are immune to poison.
You have sharp fingernails.
You are carnivorous and can eat meat at any time.
Your flesh is cold resistant. (rC+)
You are immune to negative energy. (rN+++)
You do not regenerate when monsters are visible.
You are immune to unholy pain and torment.
You can survive without breathing.


Message History

You closely miss the kobold.
The kobold is severely wounded.
The kobold closely misses you.
You closely miss the kobold.
The kobold is severely wounded.
The kobold hits you with a club.
* * * LOW HITPOINT WARNING * * *
You barely miss the kobold.
The kobold is severely wounded.
The kobold closely misses you.
Casting: Freeze
Confirm with . or Enter, or press ? or * to list all spells.
Aiming: Freeze
Press: ? - help, Shift-Dir - straight line, f - kobold
Aim: a kobold, wielding a club (severely wounded, inner flame)
You freeze the kobold.
The kobold explodes!
The fiery explosion engulfs you!
Ouch! That really hurt!
You die...

# ##<......## #..#
##.....## ####h#
##...## #hh†h# ##+##
#b##†# ###### #.##
#h##.# ..#.. ...#
#h##.. #.#.#
##..######.###.#
#<#.###.........§# .#
.....†......###.@# .#
#.#.###.....# ##'##
..
..#.####....###8.8##
###.........##.....##
######.#.##8.....8##
#.###.........##
#..#8.........8#
#..'.....(.....+
#.##8.........8#


You could see 4 jackals and a bat.

Vanquished Creatures
  A dart slug (D:1)
  4 ball pythons
  3 giant cockroaches
  2 goblins (D:1)
  3 kobolds
  2 bats (D:1)
  2 frilled lizards (D:1)
  2 rats (D:2)
19 creatures vanquished.

Notes
Turn   | Place    | Note
-------+----------+-------------------------------------------
     0 | D:1      | Iko the Ghoul Ice Elementalist began the quest for the Orb.
     0 | D:1      | Reached XP level 1. HP: 14/14 MP: 2/2
    88 | D:1      | Reached XP level 2. HP: 20/20 MP: 3/3
   604 | D:2      | HP: 1/20 [kobold/club (1)]
   607 | D:2      | Killed from afar by a kobold

Skill      XL: |  1  2 |
---------------+-------+-----
Dodging        | 2 |  2.0
Short Blades   | |  0.2
Armour         | |  0.1
Stealth        | |  2.3
Unarmed Combat | |  0.2
Spellcasting   | |  1.8
Conjurations   | |  0.7
Ice Magic      | |  3.9

Action                   || total
-------------------------++-------
Melee: Unarmed           ||    16
       Short sword       ||    57
  Use: Scroll            ||     1
Armor: Leather armour    ||    28
Dodge: Dodged            ||    43
